 Dungeon Crawl Stone Soup version 0.30.1-4-g462c640d31 (webtiles) character file.

Game seed: 6642798149885737397

297 HagarQim the Sneak (level 6, -2/55 HPs)
             Began as an Octopode Hedge Wizard on Sept 5, 2023.
             Splashed by a jelly's acid (4 damage)
             ... on level 5 of the Dungeon.
             The game lasted 00:12:57 (4211 turns).

HagarQim the Sneak (Octopode Hedge Wizard)          Turns: 4211, Time: 00:12:57

Health: -2/55      AC:  7    Str: 15    XL:     6   Next: 35%
Magic:  12/12      EV:  2    Int: 18    God:
Gold:   106        SH:  0    Dex: 12    Spells: 4/13 levels left

rFire   . . .        h - +2 short sword (holy)
rCold   . . .        (no shield)
rNeg    . . .        b - melded +0 hat
rPois   +            (no amulet)
rElec   .            l - +6 ring of strength
rCorr   .            (no ring)
SInv    .            (no ring)
Will    .....        (no ring)
Stlth   +++          (no ring)
HPRegen 0.29/turn    (no ring)
MPRegen 0.13/turn    (no ring)
                     (no ring)

%: no passive effects
@: tree-form, corroded, hasted, very quick
A: stationary, stasis, torment immunity, boosted hp, almost no armour,
(amphibious), 8 rings, (camouflage 1), (gelatinous body 1), (nimble swimmer 1),
(tentacles), (iridescent scales 1), (cold vulnerability 1)
a: no special abilities


You were on level 5 of the Dungeon.
You were a tree.
You visited 1 branch of the dungeon, and saw 5 of its levels.

You collected 156 gold pieces.
You spent 50 gold pieces at shops.

Inventory:

Hand Weapons
 a - a +1 dagger
 h - a +2 short sword of holy wrath (weapon)
 i - a +0 whip of electrocution
Missiles
 e - 5 atropa-tipped darts
Armour
 b - a +0 hat (melded)
Jewellery
 l - a +6 ring of strength (left branch)
Scrolls
 j - a scroll of magic mapping
 m - a scroll of fear
 o - a scroll of identify
Potions
 c - a potion of magic
 d - 2 potions of lignification
 f - 4 potions of curing
 g - a potion of haste
 n - a potion of mutation


   Skills:
 + Level 0.8 Fighting
 + Level 1.5 Short Blades
 + Level 2.4 Dodging
 + Level 5.6 Stealth
 + Level 4.3 Spellcasting
 + Level 1.5 Conjurations
 + Level 0.5 Hexes
 + Level 2.0 Summonings
 + Level 1.0 Translocations
 * Level 0.1 Air Magic
 * Level 0.3 Poison Magic


You had 4 spell levels left.
You knew the following spells:

 Your Spells              Type           Power      Damage    Failure   Level
a - Magic Dart            Conj           36%        1d4       8%          1
b - Blink                 Tloc           14%        N/A       14%         2
c - Call Imp              Summ           22%        N/A       10%         2
d - Mephitic Cloud        Conj/Pois/Air  6%         N/A       32%         3
s - Slow                  Hex            20%        N/A       12%         1

Your spell library contained the following spells:

 Spells                   Type           Power      Damage    Failure   Level
 Summon Small Mammal      Summ           44%        N/A       6%          1
 Foxfire                  Conj/Fire      24%        2x1d5     11%         1
 Beastly Appendage        Tmut           6%         N/A       14%         1
 Cigotuvi's Dreadful Rot  Necr/Pois/Air  8%         N/A       21%         2


Dungeon Overview and Level Annotations

Branches:
Dungeon (5/15)
 Temple: D:4-7

Altars:

Shops:
D:1 :   D:3 !


Innate Abilities, Weirdness & Mutations

You are a tree.
Your roots penetrate the ground, keeping you stationary.
You cannot be teleported.
You are immune to unholy pain and torment.
Your maximum health is greatly increased.
You cannot wear most types of armour.
((You are amphibious.))
You can wear up to eight rings at the same time.
((Your skin changes colour to match your surroundings (Stealth+).))
((Your rubbery body absorbs attacks. (AC +1, EV +1)))
((You are camouflaged when in or above water. (Stealth+)))
((You have tentacles for arms and can constrict up to eight enemies at once.))
((You are partially covered in iridescent scales. (AC +2)))
((You are vulnerable to cold. (rC-)))


Message History

Something hits you.
You feel much better.
You hit the jelly. The acid corrodes you!
Your tentacles burn!
The jelly is moderately wounded.
Something hits you. The jelly closely misses you.
You bump into the rock wall.
The jelly misses you. Something hits you.
You hit the jelly. The acid corrodes you!
Your tentacles burn!
The jelly is moderately wounded.
You hit the jelly but do no damage.
Your tentacles burn!
You squeeze the jelly, but do no damage.
The jelly is moderately wounded.
The jelly barely misses you. Something hits you.
You closely miss something. You completely miss something.
You hear some strange, mumbled words.
The jelly misses you.
Reactivating autopickup.
You feel a bit more experienced.
You barely miss the jelly.
The jelly is moderately wounded.
You feel less confused. The jelly hits you.
You are splashed with acid!
* * * LOW HITPOINT WARNING * * *
The orc closely misses you.
Really quaff the potion of lignification?
Okay, then.
Really quaff the potion of lignification?
You turn into a tree.
Your +0 hat melds into your body.
Your roots penetrate the ground.
You hit the jelly but do no damage. The acid corrodes you!
Your branches burn!
* * * LOW HITPOINT WARNING * * *
The jelly is moderately wounded.
The jelly hits you but does no damage. The orc hits you but does no damage.
You hit the orc but do no damage. The jelly completely misses you.
The orc barely misses you.
You hit the jelly but do no damage.
Your branches burn!
* * * LOW HITPOINT WARNING * * *
The jelly is moderately wounded.
You hit the jelly but do no damage. The acid corrodes you!
Your branches burn!
You die...

......o.... .......o.....
............ ............
.. !.......o..
##.###.#..........
.....$.#..........
.........#####....
......#.{o♣J....#.
$.....#.####......
........................
.........................
......#.##..##......^.....
...........###............
#####....#####............
#..##.#......<.........
..... #..................


You could see a jelly and an orc.

Vanquished Creatures
  An orc priest (D:3)
  A hound (D:4)
  Terence (D:2)
  3 gnolls (D:3)
  6 adders
  A white imp (D:5)
  2 worms (D:4)
  3 dart slugs
  8 orcs
  A ball python (D:2)
  6 bats
  6 endoplasms
  4 giant cockroaches
  8 hobgoblins
  2 jackals (D:1)
  3 quokkas
  2 frilled lizards
  8 goblins
  4 kobolds
  9 rats
79 creatures vanquished.

Vanquished Creatures (collateral kills)
  A ball python (D:3)
  A goblin (D:3)
2 creatures vanquished.

Vanquished Creatures (others)
  An orc wizard (D:5)
1 creature vanquished.

Grand Total: 82 creatures vanquished

Notes
Turn   | Place    | Note
-------+----------+-------------------------------------------
     0 | D:1      | HagarQim the Octopode Hedge Wizard began the quest for the
                  | Orb.
     0 | D:1      | Reached XP level 1. HP: 11/11 MP: 4/4
   158 | D:1      | Reached XP level 2. HP: 17/17 MP: 1/6
   421 | D:1      | Learned a level 1 spell: Slow
   424 | D:1      | Learned a level 2 spell: Blink
   428 | D:1      | Learned a level 2 spell: Call Imp
   433 | D:1      | Found Tuucs's Book Emporium.
   686 | D:1      | Reached XP level 3. HP: 21/21 MP: 8/8
   935 | D:1      | Reached skill level 3 in Stealth
  1650 | D:2      | Reached XP level 4. HP: 27/27 MP: 6/10
  1687 | D:2      | Noticed Terence
  1699 | D:2      | Killed Terence
  1705 | D:2      | Reached skill level 4 in Stealth
  2243 | D:3      | Reached XP level 5. HP: 23/31 MP: 11/11
  2281 | D:3      | Reached skill level 1 in Short Blades
  2449 | D:3      | Reached skill level 5 in Stealth
  2584 | D:3      | Got An Induction into Wizardry
  2605 | D:3      | Found Kunimut's Distillery.
  2653 | D:3      | Bought a potion of heal wounds for 50 gold pieces
  3167 | D:4      | Learned a level 3 spell: Mephitic Cloud
  3195 | D:4      | Reached XP level 6. HP: 34/37 MP: 12/12
  3384 | D:4      | Gained mutation: You have hidden genetic defects. [potion
                  | of mutation]
  3384 | D:4      | Gained mutation: You are agile. (Dex +4, Str/Int -1)
                  | [potion of mutation]
  3385 | D:4      | Lost mutation: You have hidden genetic defects. [potion of
                  | mutation]
  3385 | D:4      | Lost mutation: You are agile. (Dex +4, Str/Int -1) [potion
                  | of mutation]
  3385 | D:4      | Gained mutation: You are partially covered in iridescent
                  | scales. (AC +2) [potion of mutation]
  3385 | D:4      | Gained mutation: You are vulnerable to cold. (rC-) [potion
                  | of mutation]
  4145 | D:5      | Entered Level 5 of the Dungeon
  4210 | D:5      | HP: 2/55 [acid (2)]
  4211 | D:5      | Splashed by a jelly's acid

Illustrated notes

Levels and vault maps discovered:
D:1:      mrwooster_arrival_arrow, layout_basic, serial_shops,
          nicolae_shop_temple_entry_statues_fountains
D:2:      layout_basic, moated_statue, uniq_terence
D:3:      layout_basic, serial_shops, shop, st_stairs_4
D:4:      layout_layer_cave
D:5:      layout_rooms, serial_shops, nicolae_shop_real_fake_doors,
          minmay_misc_feat_iff

Skill      XL: |  1  2  3  4  5  6 |
---------------+-------------------+-----
Stealth        | 3 4 5 |  5.6
Spellcasting   | 4 |  4.3
Short Blades   | 1 |  1.5
Summonings     | 2 |  2.0
Fighting       | |  0.8
Dodging        | |  2.4
Conjurations   | |  1.5
Hexes          | |  0.5
Translocations | |  1.0
Air Magic      | |  0.1
Poison Magic   | |  0.3

Action                     |  1- 3 |  4- 6 || total
---------------------------+-------+-------++-------
  Melee: Dagger            |    52 |    94 ||   146
         Constrict         |    15 |    31 ||    46
         Tentacles         |    12 |    33 ||    45
         Short sword       |       |    33 ||    33
   Cast: Magic Dart        |    24 |     9 ||    33
         Call Imp          |       |     5 ||     5
         Slow              |       |     3 ||     3
    Use: Scroll            |     8 |     5 ||    13
         Potion            |       |     5 ||     5
   Stab: Sleeping          |    11 |     6 ||    17
 Armour: Skin              |     7 |     7 ||    14
  Dodge: Dodged            |    21 |    62 ||    83
